 Dungeon Crawl Stone Soup version 0.25-a0-561-g0977b4d109 (webtiles) character file.

Game seed: 3793921466446914409, levelgen mode: deterministic

93 Flugslaktarn the Shield-Bearer (level 4, -1/42 HPs)
             Began as a Deep Dwarf Fighter on Feb 25, 2020.
             Slain by an ogre
             ... wielding a +0 giant spiked club
              (21 damage)
             ... on level 4 of the Dungeon.
             The game lasted 00:00:39 (633 turns).

Flugslaktarn the Shield-Bearer (Deep Dwarf Fighter)  Turns: 633, Time: 00:00:40

Health: -1/42      AC:  8    Str: 20    XL:     4   Next: 36%
Magic:  3/3        EV:  7    Int:  9    God:
Gold:   66         SH: 10    Dex: 17    Spells: 3/3 levels left

rFire    . . .     SeeInvis .   a - +0 war axe
rCold    . . .     Gourm    .   c - +0 kite shield
rNeg     . . .     Faith    .   b - +0 scale mail
rPois    .         Spirit   .   o - +0 helmet
rElec    .         Reflect  .   (no cloak)
rCorr    .         Harm     .   (no gloves)
MR       .....                  (no boots)
Stlth    ..........             (no amulet)
HPRegen  0.00/turn              h - +5 ring of dexterity
MPRegen  0.08/turn              (no ring)

@: non-regenerating
A: damage resistance, heal wounds, sense surroundings 1, no regeneration
a: Heal Wounds


You were on level 4 of the Dungeon.
You were not hungry.

You visited 1 branch of the dungeon, and saw 4 of its levels.

You collected 66 gold pieces.

Inventory:

Hand Weapons
 a - a +0 war axe (weapon)
Armour
 b - a +0 scale mail (worn)
 c - a +0 kite shield (worn)
 o - a +0 helmet (worn)
   (You took it off Robin on level 3 of the Dungeon)
Jewellery
 h - a +5 ring of dexterity (left hand)
   (You found it on level 1 of the Dungeon)
Wands
 p - a wand of paralysis (8)
   (You took it off an orc on level 3 of the Dungeon)
Scrolls
 k - a scroll of identify {unknown}
 l - a scroll of immolation {unknown}
 m - a scroll of teleportation {unknown}
 n - a scroll of fear {unknown}
 q - a scroll of magic mapping {unknown}
 r - a scroll of fog {unknown}
Potions
 d - a potion of might
 g - a potion of lignification {unknown}
 i - a potion of degeneration {unknown}
 j - a potion of haste {unknown}
Comestibles
 e - 4 rations
 f - 28 chunks of flesh


   Skills:
 + Level 3.2 Fighting
 * Level 3.6 Axes
 + Level 3.8 Armour
 + Level 3.9 Shields


You had 3 spell levels left.
You didn't know any spells.
Your spell library was empty.

Dungeon Overview and Level Annotations

Branches:
Dungeon (4/15)
 Temple: D:4-7

Altars:


Innate Abilities, Weirdness & Mutations

You are resistant to damage.
You can heal yourself by infusing magical energy.
You passively map a small area around you.
You do not regenerate.


Message History

No target in view!
No target in view!
No target in view!
You butcher the giant cockroach corpse.
f - 28 chunks of flesh (gained 2)
Found a stone staircase leading down.
You now have 66 gold pieces (gained 18).
An ogre comes into view. It is wielding a +0 giant spiked club.
The ogre shouts!
An ogre is nearby!
An ogre is nearby!
You slash the ogre!
The ogre is moderately wounded.
The ogre hits you with a +0 giant spiked club!!
Ouch! That really hurt!
You hit the ogre.
The ogre is heavily wounded.
The ogre hits you with a +0 giant spiked club!!
Ouch! That really hurt!
You die...

#.###..............#
* #.#
#..............+ ,
#.# #.##.#.........#
#.....##.##.......#
##..####.###.....##
#.......####...## ##
#.......## *,
#.#####.# * #@# * .#
* , ,, , #O# .. , ,,
, #.# ,,... * , *
,#.#** ,... ,
...,,,,...#* * ### *
* ,, * *


You could see an ogre.

Vanquished Creatures
  Robin (D:3)
  An adder (D:3)
  An ooze (D:1)
  A dart slug (D:1)
  3 leopard geckos
  7 orcs (D:3)
  A giant cockroach (D:4)
  8 goblins (D:3)
  10 hobgoblins
  3 ball pythons
  2 bats (D:1)
  3 frilled lizards
  7 kobolds
  5 rats
53 creatures vanquished.

Notes
Turn   | Place    | Note
-------+----------+-------------------------------------------
     0 | D:1      | Flugslaktarn the Deep Dwarf Fighter began the quest for the
                  | Orb.
     0 | D:1      | Reached XP level 1. HP: 20/20 MP: 1/1
    88 | D:1      | Reached XP level 2. HP: 27/27 MP: 2/2
   409 | D:3      | Reached XP level 3. HP: 26/33 MP: 3/3
   436 | D:3      | Noticed Robin
   484 | D:3      | Paralysed by an orc for 4 turns
   509 | D:3      | Reached XP level 4. HP: 31/42 MP: 4/4
   522 | D:3      | Killed Robin
   629 | D:4      | Noticed an ogre
   633 | D:4      | Slain by an ogre

Levels and vault maps discovered:
D:1:      erik_arrival_cave_to_civilisation [erik_arrival_cave_to_temple],
          layout_basic
D:2:      layout_loops_ring, mrwooster_statue_mirror, uniq_jessica, uniq_terence
D:3:      layout_loops_ring, minmay_guardbox, uniq_natasha,
          uniq_crazy_yiuf_cottage, uniq_robin, uniq_grinder
D:4:      layout_loops_corners

Skill      XL: |  1  2  3 |
---------------+----------+-----
Axes           | 3 |  3.6
Fighting       | 3 |  3.2
Armour         | |  3.8
Shields        | |  3.9

Action                   |  1- 3 |  4- 6 || total
-------------------------+-------+-------++-------
Melee: War axe           |   127 |    33 ||   160
 Abil: Heal Wounds       |     1 |     1 ||     2
Armor: Scale mail        |    54 |    10 ||    64
Dodge: Dodged            |    34 |     7 ||    41
Block: Kite shield       |    64 |    12 ||    76

Table legend:
 A = Non-vault XP
 B = Vault XP
 C = Vault XP percentage of total XP
 D = Non-vault monster count
 E = Vault monster count
 F = Vault count percentage of total count
                 A         B        C        D         E       F
            +---------+---------+-------+---------+---------+-------
      Total |      70 |      63 |  47.4 |      27 |      26 |  49.1
            +---------+---------+-------+---------+---------+-------
        D:1 |      31 |       3 |   8.8 |      15 |       2 |  11.8
        D:3 |      36 |      60 |  62.5 |      10 |      24 |  70.6
        D:4 |       3 |       0 |   0.0 |       2 |       0 |   0.0
            +---------+---------+-------+---------+---------+-------
